 Dungeon Crawl Stone Soup version 0.25-a0-294-gea9b1ad378 (webtiles) character file.

Game seed: 7503500294829644116, levelgen mode: classic

14403 Borgoz the Slicer (level 12, -1/115 HPs)
             Began as a Kobold Berserker on Dec 17, 2019.
             Was a High Priest of Trog.
             Slain by a tengu warrior
             ... wielding a +1 great mace of crushing
              (3 damage)
             ... on level 12 of the Dungeon on Dec 18, 2019.
             The game lasted 00:22:00 (15381 turns).

Borgoz the Slicer (Kobold Berserker)               Turns: 15381, Time: 00:22:00

Health: -1/115     AC:  8    Str: 20    XL:     12   Next: 44%
Magic:  12/12      EV: 25    Int:  9    God:    Trog [*****.]
Gold:   793        SH:  0    Dex: 18    Spells: 11/11 levels left

rFire    + . .     SeeInvis .   a - +2 rapier (vamp)
rCold    . . .     Gourm    .   (shield restricted)
rNeg     . . .     Faith    .   G - +2 leather armour {rF+}
rPois    +         Spirit   .   r - +0 helmet
rElec    .         Reflect  .   (no cloak)
rCorr    .         Harm     .   C - +0 pair of gloves
MR       +....                  (no boots)
Stlth    ..........             (no amulet)
HPRegen  0.29/turn              m - ring of protection from magic
MPRegen  0.13/turn              x - ring of poison resistance

@: berserking, very quick
A: small, carnivore
a: Berserk, Trog's Hand, Brothers in Arms, Renounce Religion


You were on level 12 of the Dungeon.
You worshipped Trog.
Trog was extremely pleased with you.
You were very full.

You visited 2 branches of the dungeon, and saw 13 of its levels.

You collected 793 gold pieces.

Inventory:

Hand Weapons
 a - a +2 vampiric rapier (weapon)
 b - a +6 dagger of piercing
 O - a +0 antimagic short sword
Armour
 r - a +0 helmet (worn)
 C - a +0 pair of gloves (worn)
 G - a +2 leather armour of fire resistance (worn)
 I - the +8 chain mail of Limitation {rPois rC+++ Dex-4}
   (You found it on level 12 of the Dungeon)

   It affects your dexterity (-4).
   It renders you almost immune to cold.
   It protects you from poison.
 L - the +5 scale mail "Wemuuc" {Str+2}
   (You found it on level 9 of the Dungeon)

   It affects your strength (+2).
Jewellery
 f - an uncursed ring of protection from magic
 i - an uncursed ring of fire
 m - a ring of protection from magic (left hand)
 v - an uncursed ring of protection from fire
 x - a ring of poison resistance (right hand)
 F - an uncursed ring of flight
 K - an uncursed ring of protection from cold
Wands
 q - a wand of iceblast (6)
 y - a wand of digging (13)
 B - a wand of scattershot (3)
 D - a wand of flame (19)
 J - a wand of disintegration (48)
 P - a wand of enslavement (6)
Scrolls
 h - a scroll of magic mapping
 j - 5 scrolls of teleportation
 l - a scroll of enchant armour
 p - a scroll of fear {unknown}
 s - a scroll of acquirement {unknown}
 u - 2 scrolls of remove curse
 w - 4 scrolls of blinking {unknown}
 z - a scroll of enchant weapon {unknown}
 E - 3 scrolls of fog {unknown}
 H - 4 scrolls of silence {unknown}
 N - 3 scrolls of amnesia {unknown}
Potions
 d - 3 potions of mutation
 e - 3 potions of haste
 g - 3 potions of flight
 k - 7 potions of heal wounds
 n - 4 potions of curing
 o - 2 potions of might
 t - 2 potions of brilliance
 A - a potion of resistance
Comestibles
 c - 16 rations
 M - 5 chunks of flesh


   Skills:
 + Level 9.6 Fighting
 + Level 14.4 Short Blades
 + Level 7.1 Armour
 + Level 12.8 Dodging


You had 11 spell levels left.
You didn't know any spells.
Your spell library was empty.

Dungeon Overview and Level Annotations

Branches:
Dungeon (12/15)            Temple (1/1) D:6            Lair (0/6) D:9
    Orc (0/2) D:9

Altars:
Ashenzari
Cheibriados
Dithmenos
Elyvilon
Fedhas
Gozag
Hepliaklqana
Kikubaaqudgha
Makhleb
Nemelex Xobeh
Okawaru
Qazlal
Ru
Sif Muna
Trog
Uskayaw
Vehumet
Wu Jian
Xom
Yredelemnul
Zin
The Shining One

Shops:
D:5 !   D:7 %   D:8 :   D:10 ?   D:11 }


Innate Abilities, Weirdness & Mutations

You are small and have problems with some larger weapons.
You are carnivorous and can eat meat at any time.


Message History

The tengu warrior hits you with a +1 great mace of crushing!
* * * LOW HITPOINT WARNING * * *
x2 The tengu warrior pecks you.
* * * LOW HITPOINT WARNING * * *
The tengu warrior completely misses you.
You hit the tengu warrior.
The tengu warrior is lightly wounded.
Something misses you.
The crimson imp hits you but does no damage.
You miss something. Something closely misses you.
You miss something. Something misses you.
You puncture the tengu warrior!
You feel better.
The tengu warrior is moderately wounded.
Something closely misses you.
The crimson imp shouts, "Slither home, thou impertinent hasty-witted flim-flammer!"
The crimson imp closely misses you. The tengu warrior barely misses you.
The tengu warrior pecks you!
* * * LOW HITPOINT WARNING * * *
The tengu warrior claws you.
You die...

#...### #..<'.#
#...#.#
#########...#'#
#..........##.##
#....#..#..#...#
#..........#####
#....{(........
#..8.@(..8.(#..
#...Q5......#
#.............
##....>....##+#
.............
#.#.#
###..........##
...###
(.8.....8..#
#.....
#...........#
#.....
..#+#####.....


You could see a tengu warrior and a crimson imp.

Vanquished Creatures
  2 hydras (D:12)
  A two-headed ogre (D:8)
  A centaur warrior (D:8)
  A cyclops (D:11)
  4 gargoyles
  A centaur skeleton (D:10)
  A meliai (D:8)
  3 slime creatures (D:9)
  3 hippogriffs
  Sigmund (D:2)
  A vampire (D:11)
  4 hogs (D:11)
  2 yaks
  2 wraiths (D:8)
  A human (D:11)
  2 wyverns
  3 hungry ghosts
  2 vampire mosquitoes (D:12)
  A basilisk (D:9)
  Menkaure (D:6)
  Edmund (D:6)
  A soldier ant (D:10)
  2 water moccasins (D:9)
  2 eyes of draining (D:8)
  A necrophage (D:11)
  A phantom (D:8)
  An orc warrior (D:9)
  2 black bears (D:7)
  An ice beast (D:12)
  A sky beast (D:7)
  4 ogres
  4 centaurs
  A crocodile (D:9)
  A big kobold (D:10)
  8 bullfrogs
  Blork the orc (D:6)
  3 scorpions
  16 killer bees
  8 wights
  2 howler monkeys
  3 jellies
  6 crimson imps
  2 quasits
  3 bullfrog zombies
  8 hounds
  6 orc wizards
  4 orc priests
  Natasha (thrice) (D:3)
  4 iguanas
  11 worker ants
  3 hound skeletons
  Robin (D:3)
  3 gnolls (D:5)
  A worker ant zombie (D:10)
  10 adders
  A shadow imp (D:6)
  An ooze (D:2)
  An adder zombie (D:6)
  10 worms
  3 dart slugs
  8 leopard geckos
  33 orcs
  7 bats
  4 giant cockroaches
  12 hobgoblins
  3 jackals (D:1)
  15 kobolds
  5 quokkas
  5 frilled lizards
  14 goblins
  A jackal skeleton (D:5)
  A leopard gecko skeleton (D:5)
  9 rats
299 creatures vanquished.

Vanquished Creatures (others)
  An unseen horror (D:8)
  2 plants (D:3)
3 creatures vanquished.

Grand Total: 302 creatures vanquished

Notes
Turn   | Place    | Note
-------+----------+-------------------------------------------
     0 | D:1      | Borgoz the Kobold Berserker began the quest for the Orb.
     0 | D:1      | Reached XP level 1. HP: 14/14 MP: 1/1
   461 | D:1      | Reached XP level 2. HP: 14/19 MP: 2/2
  1054 | D:1      | Reached XP level 3. HP: 23/23 MP: 3/3
  1252 | D:1      | Found a shattered altar of Ashenzari.
  1593 | D:2      | Found a white marble altar of Elyvilon.
  1772 | D:2      | Reached XP level 4. HP: 23/28 MP: 4/4
  1831 | D:2      | Found a blossoming altar of Fedhas.
  1870 | D:2      | Reached ** piety under Trog
  2117 | D:2      | Reached skill level 5 in Short Blades
  2133 | D:2      | Noticed Sigmund
  2146 | D:2      | Killed Sigmund
  2146 | D:2      | Reached XP level 5. HP: 13/33 MP: 5/5
  2146 | D:2      | Reached XP level 6. HP: 16/38 MP: 6/6
  2732 | D:2      | Reached skill level 6 in Short Blades
  3120 | D:3      | Found a faded altar of an unknown god.
  3332 | D:3      | Noticed Natasha
  3332 | D:3      | Noticed Robin
  3346 | D:3      | Killed Natasha
  3355 | D:3      | Killed Robin
  3355 | D:3      | Reached skill level 5 in Dodging
  3412 | D:3      | Noticed Natasha
  3425 | D:3      | Killed Natasha
  3538 | D:3      | Reached XP level 7. HP: 22/44 MP: 7/7
  3857 | D:3      | Found a snail-covered altar of Cheibriados.
  3866 | D:3      | Reached *** piety under Trog
  4333 | D:3      | Noticed Natasha
  4341 | D:3      | Killed Natasha
  4760 | D:4      | Reached skill level 7 in Short Blades
  5311 | D:5      | Entered Level 5 of the Dungeon
  5311 | D:5      | Found a hide-covered altar of Uskayaw.
  5401 | D:5      | Reached XP level 8. HP: 34/48 MP: 8/8
  5675 | D:5      | Reached **** piety under Trog
  5675 | D:5      | Reached skill level 5 in Fighting
  5891 | D:5      | Found Yfu Wiriu's Distillery.
  6186 | D:5      | Reached skill level 8 in Short Blades
  6925 | D:6      | Noticed Blork the orc
  6961 | D:6      | Killed Blork the orc
  7230 | D:6      | Found a staircase to the Ecumenical Temple.
  7240 | Temple   | Entered the Ecumenical Temple
  7711 | D:6      | Reached XP level 9. HP: 54/54 MP: 9/9
  7715 | D:6      | Reached skill level 9 in Short Blades
  8267 | D:6      | Noticed Menkaure
  8278 | D:6      | Killed Menkaure
  8339 | D:6      | Noticed Edmund
  8360 | D:6      | Killed Edmund
  8646 | D:7      | Reached skill level 10 in Short Blades
  8950 | D:7      | Reached ***** piety under Trog
  8950 | D:7      | Received a gift from Trog
  9111 | D:7      | Found Zeong's Food Boutique.
  9339 | D:8      | Found Detiro's Book Shop.
  9394 | D:8      | Reached XP level 10. HP: 61/61 MP: 10/10
  9483 | D:8      | Found a burning altar of Makhleb.
  9487 | D:8      | Noticed a two-headed ogre
  9509 | D:8      | Killed a two-headed ogre
  9509 | D:8      | Reached skill level 11 in Short Blades
  9509 | D:8      | Reached skill level 10 in Dodging
  9682 | D:8      | Noticed a gargoyle
  9698 | D:8      | Reached skill level 5 in Armour
  9727 | D:8      | Killed a gargoyle
  9877 | D:8      | Noticed a centaur warrior
  9914 | D:8      | Killed an unseen horror
  9927 | D:8      | Killed a centaur warrior
  9927 | D:8      | Reached skill level 12 in Short Blades
  9927 | D:8      | Reached XP level 11. HP: 52/68 MP: 1/11
 10038 | D:8      | Found a shimmering altar of Xom.
 10530 | D:9      | Found a staircase to the Lair.
 10590 | D:9      | Received a gift from Trog
 10695 | D:9      | Reached skill level 13 in Short Blades
 10955 | D:9      | Found a staircase to the Orcish Mines.
 11076 | D:9      | Found an iron altar of Okawaru.
 11260 | D:9      | Found a stormy altar of Qazlal.
 11375 | D:9      | Got a scorched scale mail
 11386 | D:9      | Identified the +5 scale mail "Wemuuc" {Str+2} (You found it
                  | on level 9 of the Dungeon)
 11461 | D:10     | Entered Level 10 of the Dungeon
 11670 | D:10     | Found Zamugen's Magic Scroll Shoppe.
 13010 | D:11     | Found Voateuce's Gadget Emporium.
 13032 | D:11     | Noticed a cyclops
 13050 | D:11     | Killed a cyclops
 13050 | D:11     | Reached XP level 12. HP: 55/76 MP: 12/12
 13469 | D:11     | Received a gift from Trog
 13469 | D:11     | Reached skill level 14 in Short Blades
 13836 | D:12     | Got a twisted chain mail
 13847 | D:12     | Identified the +8 chain mail of Limitation {rPois rC+++
                  | Dex-4} (You found it on level 12 of the Dungeon)
 14680 | D:12     | Noticed a seven-headed hydra
 14686 | D:12     | Killed a seven-headed hydra
 14769 | D:12     | Noticed a six-headed hydra
 14782 | D:12     | Killed a six-headed hydra
 15364 | D:12     | Noticed a tengu warrior
 15381 | D:12     | HP: 2/115 [tengu warrior/+1 great mace of crushing (7)]
 15381 | D:12     | Slain by a tengu warrior

Levels and vault maps discovered:
D:1:      psy_arrival_spokes, layout_basic, nicolae_ashenzari_panopticon
D:2:      layout_loops_ring, elyvilon_altar_3, first_ration, fedhas_altar_2,
          uniq_sigmund
D:3:      minmay_spotlight, layout_loops_ring, lemuel_doored_altar,
          chequers_ecumenical_altar_island, serial_bayou_pond_c, uniq_natasha,
          uniq_robin
D:4:      layout_rooms
D:5:      layout_basic, basic_altar, serial_shops, shop
D:6:      layout_loops_cross, minmay_temple_entry_waves, uniq_blork_the_orc,
          uniq_menkaure, uniq_edmund
D:7:      layout_loops_ring, serial_shops, kennysheep_little_box,
          corexii_corridor_pit
D:8:      minmay_the_grid_octo_triangle [minmay_the_grid_octo_tetromino_candy,
          minmay_the_grid_octo_prize_big_c, minmay_the_grid_octo_horde],
          layout_basic, kennysheep_mini, basic_altar, serial_shops, shop_statue
D:9:      layout_irregular_city, grunt_qazlal_sundering, david_lair_generic,
          orc_0_dummy, minmay_liquid_box, okawaru_trees_1
D:10:     layout_gridville, serial_shops, shop
D:11:     layout_basic, serial_shops, shop_fountains, grunt_livestock,
          minmay_sticks_and_stones
D:12:     layout_stronghold, st_stairs_1, due_unseen_surprise
Temple:   hc_temple_tempest_star

Skill      XL: |  1  2  3  4  5  6  7  8  9 10 11 12 |
---------------+-------------------------------------+-----
Dodging        | 3 4 5 6 7 9 11 12 | 12.8
Armour         | 2 3 4 5 6 7 |  7.1
Short Blades   | 5 6 7 8 10 12 13 14 | 14.4
Fighting       | 4 5 6 7 9 |  9.6

Action                   |  1- 3 |  4- 6 |  7- 9 | 10-12 || total
-------------------------+-------+-------+-------+-------++-------
Melee: Short sword       |   142 |    91 |    23 |       ||   256
       Dagger            |       |   110 |   412 |   328 ||   850
       Rapier            |       |       |    75 |   598 ||   673
Throw: Throwing net      |       |       |       |     1 ||     1
Invok: Berserk           |     1 |     2 |     7 |     9 ||    19
Evoke: Wand              |       |       |       |     2 ||     2
  Use: Scroll            |       |     9 |     4 |     5 ||    18
       Potion            |       |       |       |     2 ||     2
 Stab: Sleeping          |     2 |     2 |     1 |     2 ||     7
       Held in net/web   |       |       |       |     1 ||     1
  Eat: Chunk             |    12 |     8 |    25 |    38 ||    83
Armor: Animal skin       |    16 |     8 |    22 |       ||    46
       Leather armour    |       |       |    15 |    61 ||    76
       Scale mail        |       |       |       |    38 ||    38
Dodge: Dodged            |   126 |   125 |   312 |   585 ||  1148

Table legend:
 A = Non-vault XP
 B = Vault XP
 C = Vault XP percentage of total XP
 D = Non-vault monster count
 E = Vault monster count
 F = Vault count percentage of total count
                 A         B        C        D         E       F
            +---------+---------+-------+---------+---------+-------
      Total |   14242 |    6334 |  30.8 |     249 |      51 |  17.0
            +---------+---------+-------+---------+---------+-------
        D:1 |      39 |       0 |   0.0 |      22 |       0 |   0.0
        D:2 |      62 |     227 |  78.5 |      25 |       1 |   3.8
        D:3 |     191 |      86 |  31.0 |      25 |      20 |  44.4
        D:4 |     350 |       0 |   0.0 |      12 |       0 |   0.0
        D:5 |     610 |       0 |   0.0 |      23 |       0 |   0.0
        D:6 |     664 |     425 |  39.0 |      17 |       3 |  15.0
        D:7 |    1254 |       0 |   0.0 |      22 |       0 |   0.0
        D:8 |    1762 |    3228 |  64.7 |      19 |      17 |  47.2
        D:9 |    1633 |     754 |  31.6 |      15 |       4 |  21.1
       D:10 |    2408 |       0 |   0.0 |      36 |       0 |   0.0
       D:11 |    1650 |    1614 |  49.4 |      18 |       6 |  25.0
       D:12 |    3619 |       0 |   0.0 |      15 |       0 |   0.0
            +---------+---------+-------+---------+---------+-------
